 Dungeon Crawl Stone Soup version 0.20-a0-839-gdaf5c57 (webtiles) character file.

19205 kidcy the Basher (level 12, 0/110 HPs)
             Began as a Black Draconian Monk on Mar 8, 2017.
             Was a High Priest of Ashenzari.
             Slain by an eight-headed hydra (14 damage)
             ... on level 4 of the Lair of Beasts.
             The game lasted 00:32:30 (15567 turns).

kidcy the Basher (Black Draconian Monk)            Turns: 15567, Time: 00:32:31

Health: 0/110      AC:  9    Str: 18    XL:     12   Next: 34%
Magic:  13/13      EV: 19    Int: 11    God:    Ashenzari [*****.]
Gold:   390        SH:  0    Dex: 16    Spells: 11/11 levels left

rFire    . . .     SeeInvis +   t - +1 great mace (protect) (curse)
rCold    + + +     Gourm    .   (armour unavailable)
rNeg     . . .     Faith    .   (shield currently unavailable)
rPois    .         Spirit   .   (helmet restricted)
rElec    +         Reflect  .   (no cloak)
rCorr    .         Harm     .   (no gloves)
MR       .....     Clarity  +   (no boots)
Stlth    +++.......             d - amulet of regeneration (curse)
Regen    0.7/turn               o - ring of stealth
MPRegen  0.2/turn               c - ring of protection from cold (curse)

@: hasted, very quick
A: breathe lightning, unfitting armour, antennae 1, agile 1, cold resistance 2,
shaggy fur 1, electricity resistance, evolution 1, cold-blooded, AC +8
a: Breathe Lightning, Curse Item, Scrying, Transfer Knowledge, Renounce Religion


You were on level 4 of the Lair of Beasts.
You worshipped Ashenzari.
Ashenzari was extremely pleased with you.
You were not hungry.

You visited 3 branches of the dungeon, and saw 16 of its levels.
You also visited: Volcano.

You collected 846 gold pieces.
You spent 456 gold pieces at shops.

Inventory:

Hand Weapons
 t - a cursed +1 great mace of protection (weapon)
Armour
 s - a cursed +0 shield
Jewellery
 c - a cursed ring of protection from cold (left hand)
 d - a cursed amulet of regeneration (around neck)
 o - a ring of stealth (right hand)
Wands
 j - a wand of acid (7/15)
 w - a wand of iceblast (1/15)
 C - a wand of polymorph (9/24)
Scrolls
 i - 5 scrolls of remove curse
 q - 5 scrolls of enchant armour
 r - a scroll of fog
 y - 3 scrolls of teleportation
 z - 5 scrolls of identify
 A - a scroll of amnesia
 D - a scroll of magic mapping
Potions
 a - 2 potions of flight
 f - 2 potions of brilliance
 g - 4 potions of magic
 h - 2 potions of agility
 n - a potion of curing
 u - a potion of ambrosia
 x - 3 potions of resistance
Books
 v - a book of Cantrips

   Spells                             Type                      Level
   a - Confusing Touch                Hexes                        1
   b - Animate Skeleton               Necromancy                   1
   c - Summon Small Mammal            Summoning                    1
   d - Apportation                    Translocation                1
Comestibles
 b - 10 bread rations
 k - 8 meat rations
 m - 9 royal jellies
 p - 10 fruits


   Skills:
 + Level 11.4 Fighting
 - Level 13.7(18.4) Maces & Flails
 - Level 10.1 Dodging
 - Level 1.7 Stealth
 - Level 4.2 Shields
 * Level 1.4(3.2) Evocations


You had 11 spell levels left.
You didn't know any spells.

Dungeon Overview and Level Annotations

Branches:
Dungeon (11/15)            Temple (1/1) D:4            Lair (4/6) D:9
 Shoals (0/4) Lair:3       Spider (0/4) Lair:3
    Orc: D:9-12

Altars:
Ashenzari
Cheibriados
Elyvilon
Fedhas
Gozag
Hepliaklqana
Makhleb
Nemelex Xobeh
Qazlal
Ru
Trog
Uskayaw
Vehumet
Yredelemnul
Zin
The Shining One
Jiyva

Shops:
D:9 ?

Annotations:
D:8 exclusion: downstairs
Lair:2 exclusion: 2 oklob plants


Innate Abilities, Weirdness & Mutations

You can breathe wild blasts of lightning.
Your glossy black scales are hard. (AC +8)
You cannot fit into any form of body armour.
You are resistant to electric shocks. (rElec)
You are cold-blooded and may be slowed by cold attacks.
You have a pair of small antennae on your head.
You are agile. (Dex +2)
Your flesh is very cold resistant. (rC++)
You are covered in fur. (AC +1)
You evolve.


Message History

* * * LOW HITPOINT WARNING * * *
The eight-headed hydra closely misses you.
The eight-headed hydra bites you but does no damage.
Unknown command.
Okay, then.
Unknown command.
Evoke which item? (* to show all) (? for menu, Esc to quit)
Okay, then.
Unknown command.
Press: ? - help, v - describe, . - travel The floor, spattered with blood.
You feel yourself speed up. The eight-headed hydra misses you.
The eight-headed hydra bites you!
* * * LOW HITPOINT WARNING * * *
The eight-headed hydra bites you but does no damage.
The eight-headed hydra bites you.
* * * LOW HITPOINT WARNING * * *
The eight-headed hydra bites you but does no damage.
The eight-headed hydra bites you!
You die...

* , ,P....#......#......##.
* ,, .P#...P.#..(.........#.
,, P.P....PP...PP.......##.
, * +.PP...P...PPPPP.....##.
, ***
...#...#P.PPPPP......P.# *
*,*,..#....#P.PPPPPPP.......
,, ,
,.......##.PP.PPP......,, ,
,, ..........PPPPP...... , ,
,, .......@...PPP..>..., ,,
, , .......D......... ,, * *
, .........P.#.##.# ,,,* * ,
,* ,#.........##.#*## , ** ,
* * ,##........#*.# , ,**
,** **#.......+.,, , ,
#........... , , , , , , ,,
.............,,* , * ,,* ,,
,** ,,,,


You could see an eight-headed hydra.

Vanquished Creatures
  Josephine (D:10)
  2 death yaks
  3 two-headed ogres
  A cyclops (D:8)
  A merfolk siren (Lair:3)
  8 spiny frogs
  A komodo dragon (Lair:2)
  A red devil (D:8)
  6 jumping spiders (Lair:3)
  The ghost of kidcy the Firebug, an amateur BaFE (D:4)
  A hippogriff (D:9)
  2 flying skulls (Volcano)
  4 wraiths
  3 redbacks (Lair:3)
  2 wyverns
  14 yaks
  3 hogs (D:7)
  A human (D:7)
  9 water moccasins
  5 porcupines
  4 ice beasts
  An orc warrior (D:7)
  2 necrophages
  2 sky beasts
  A black bear (Lair:1)
  The ghost of kidcy the Cudgeler, an amateur DsMo (D:3)
  3 ogres
  4 centaurs
  5 crocodiles
  2 big kobolds
  12 bullfrogs
  A gnoll sergeant (D:7)
  A scorpion (D:10)
  4 wights (D:9)
  2 centaur zombies
  3 howler monkeys
  6 crimson imps
  A bullfrog zombie (D:10)
  3 jellies
  A centaur skeleton (D:8)
  6 orc priests
  4 hounds
  9 orc wizards
  A gnoll shaman (D:8)
  2 iguanas
  6 worker ants
  A howler monkey zombie (D:9)
  11 gnolls
  A howler monkey skeleton (D:6)
  10 adders
  2 shadow imps
  An ooze (D:7)
  An adder zombie (D:7)
  4 worms
  4 dart slugs
  6 leopard geckos
  27 orcs
  7 giant cockroaches
  15 goblins
  5 hobgoblins
  7 jackals (D:4)
  3 quokkas
  2 ball pythons
  11 bats
  8 frilled lizards
  A jackal zombie (D:5)
  13 kobolds
  A leopard gecko skeleton (D:4)
  A leopard gecko zombie (D:7)
  A quokka zombie (D:7)
  8 rats
  5 plants (Lair:2)
312 creatures vanquished.

Vanquished Creatures (others)
  3 fungi (Lair:3)
3 creatures vanquished.

Grand Total: 315 creatures vanquished

Notes
Turn   | Place    | Note
-------+----------+-------------------------------------------
     0 | D:1      | kidcy the Draconian Monk began the quest for the Orb.
     0 | D:1      | Reached XP level 1. HP: 19/19 MP: 1/1
   259 | D:1      | Reached XP level 2. HP: 26/26 MP: 2/2
  1072 | D:2      | Reached XP level 3. HP: 22/31 MP: 3/3
  1265 | D:2      | Found a radiant altar of Vehumet.
  1561 | D:2      | Found a bloodstained altar of Trog.
  2340 | D:3      | Noticed kidcy's ghost (amateur DsMo)
  2366 | D:3      | Killed kidcy's ghost
  2366 | D:3      | Reached skill level 4 in Maces & Flails
  2366 | D:3      | Reached XP level 4. HP: 17/40 MP: 4/4
  2366 | D:3      | Reached XP level 5. HP: 20/46 MP: 5/5
  2770 | D:2      | Gained mutation: You evolve. [potion of mutation]
  2770 | D:2      | Gained mutation: Your spells are a little easier to cast, but a little less powerful. [potion of mutation]
  2770 | D:2      | Gained mutation: Your flesh is cold resistant. (rC+) [potion of mutation]
  2770 | D:2      | Gained mutation: Your flesh is very cold resistant. (rC++) [potion of mutation]
  2788 | D:2      | Reached skill level 5 in Maces & Flails
  3062 | D:3      | Reached XP level 6. HP: 34/53 MP: 6/6
  3587 | D:4      | Found a sacrificial altar of Ru.
  3653 | D:4      | Noticed kidcy's ghost (amateur BaFE)
  3662 | D:5      | Entered Level 5 of the Dungeon
  3797 | D:5      | Your scales start taking on a glossy black colour.
  3797 | D:5      | Reached XP level 7. HP: 41/60 MP: 7/7
  3797 | D:5      | Gained mutation: You are resistant to electric shocks. (rElec) [Black Draconian growth]
  3970 | D:5      | Reached skill level 5 in Fighting
  3970 | D:5      | Reached skill level 6 in Maces & Flails
  4328 | D:4      | Noticed a hand axe
  4335 | D:4      | Found a staircase to the Ecumenical Temple.
  4375 | D:4      | Killed kidcy's ghost
  4375 | D:4      | Reached skill level 7 in Maces & Flails
  4375 | D:4      | Reached skill level 5 in Dodging
  4383 | D:4      | Reached XP level 8. HP: 44/67 MP: 8/8
  4472 | Temple   | Entered the Ecumenical Temple
  4484 | Temple   | Became a worshipper of Ashenzari the Shackled
  4484 | Temple   | Reached * piety under Ashenzari
  4484 | Temple   | Reached ** piety under Ashenzari
  4692 | D:4      | Noticed a hand axe
  4693 | D:4      | Found a hide-covered altar of Uskayaw.
  5087 | D:5      | Found an opulent altar of Gozag.
  5091 | D:5      | Found a glowing silver altar of Zin.
  5574 | D:6      | Found a stormy altar of Qazlal.
  5715 | D:6      | Reached skill level 8 in Maces & Flails
  6280 | D:7      | Gained mutation: You are agile. (Dex +2) [evolution]
  6671 | D:7      | Reached XP level 9. HP: 72/76 MP: 9/9
  6689 | D:7      | Reached skill level 9 in Maces & Flails
  6959 | D:7      | Lost mutation: Your spells are a little easier to cast, but a little less powerful. [evolution]
  7432 | D:7      | Reached skill level 10 in Maces & Flails
  7932 | D:7      | Found a white marble altar of Elyvilon.
  7960 | D:8      | Found a blossoming altar of Fedhas.
  8226 | D:8      | Noticed an orange demon
  8385 | D:8      | Noticed an orange demon
  8385 | D:8      | Found a burning altar of Makhleb.
  8387 | D:8      | Noticed a red devil
  8480 | D:8      | Killed a red devil
  8544 | D:8      | Reached XP level 10. HP: 89/89 MP: 10/10
  8558 | D:8      | Found a basalt altar of Yredelemnul.
  8586 | D:8      | Found a glowing golden altar of the Shining One.
  8608 | D:8      | Noticed a profane servitor
  8693 | D:8      | Noticed a cyclops
  8705 | D:8      | Killed a cyclops
  8938 | D:8      | Noticed a rust devil
  9027 | D:9      | Found Ixzionk's Magic Scroll Shoppe.
  9027 | D:9      | Noticed a death yak
  9029 | D:9      | Noticed a death yak
  9057 | D:9      | Noticed a two-headed ogre
  9063 | D:9      | Killed a two-headed ogre
  9063 | D:9      | Reached skill level 11 in Maces & Flails
  9168 | D:9      | Noticed a two-headed ogre
  9229 | D:9      | Killed a two-headed ogre
  9304 | D:9      | Noticed a death yak
  9359 | D:8      | Killed a death yak
  9552 | D:9      | Killed a death yak
  9552 | D:9      | Reached skill level 12 in Maces & Flails
  9613 | D:9      | Bought a scroll of teleportation for 45 gold pieces
  9613 | D:9      | Bought a scroll of identify for 30 gold pieces
  9613 | D:9      | Bought a scroll of enchant weapon for 112 gold pieces
  9613 | D:9      | Bought a scroll of enchant weapon for 112 gold pieces
  9613 | D:9      | Bought a scroll of enchant weapon for 112 gold pieces
  9613 | D:9      | Bought a scroll of teleportation for 45 gold pieces
  9616 | D:9      | Found a staircase to the Lair.
  9619 | D:9      | Reached *** piety under Ashenzari
  9852 | D:9      | Reached XP level 11. HP: 89/98 MP: 11/11
  9897 | D:9      | Found a bloodstained altar of Trog.
 10360 | D:9      | Reached skill level 10 in Fighting
 10377 | D:10     | Entered Level 10 of the Dungeon
 10520 | D:10     | Noticed a two-headed ogre
 10525 | D:10     | Killed a two-headed ogre
 10661 | D:10     | Noticed Josephine
 10915 | D:10     | Killed Josephine
 11374 | D:10     | Reached skill level 13 in Maces & Flails
 11572 | Lair:1   | Entered Level 1 of the Lair of Beasts
 11677 | Lair:1   | Reached **** piety under Ashenzari
 11680 | Lair:1   | Found a dark tunnel.
 11685 | Volcano  | Entered a volcano
 11948 | Lair:1   | Gained mutation: You have a pair of small antennae on your head. [evolution]
 12810 | Lair:2   | Noticed an oklob plant
 12810 | Lair:2   | Noticed an oklob plant
 13892 | Lair:3   | Reached XP level 12. HP: 76/108 MP: 12/12
 13998 | Lair:2   | Reached skill level 1 in Evocations
 14440 | Lair:3   | Reached ***** piety under Ashenzari
 14480 | Lair:3   | Reached skill level 1 in Shields
 14494 | Lair:3   | Found a staircase to the Shoals.
 14669 | Lair:3   | Gained mutation: You are covered in fur. (AC +1) [evolution]
 14745 | Lair:3   | Found a hole to the Spider Nest.
 15019 | Lair:3   | Reached skill level 10 in Dodging
 15559 | Lair:4   | Noticed an eight-headed hydra
 15567 | Lair:4   | Slain by an eight-headed hydra

Vault maps used:
D:1:      dpeg_arrival_court
D:2:      lemuel_doored_altar, old_standard_altar
D:4:      dancing_weapons_uskayaw, nicolae_ru_awakened_eye, temple_statues,
          minmay_cupped
D:5:      grunt_temple_overflow_gold_and_silver, nicolae_overflow_hidden_temple,
          first_bread, minmay_ogre_servants
D:6:      lemuel_crystal_altar
D:7:      kennysheep_mini_moat, grunt_livestock
D:8:      grunt_temple_overflow_holy_war, kennysheep_little_box,
          lemuel_hellish_altar
D:9:      dpeg_lair_monsters, serial_shops, shop, trog_three_pillars_becter
D:10:     uniq_josephine
D:11:     orc_0_dummy
Temple:   pf_slime_end_temple
Lair:1:   enter_volcano_1, serial_bayou_shore_b, serial_bayou_shore_a,
          grunt_megastairs_5, serial_bayou_shore_b
Lair:2:   serial_forest, infiniplex_forest_join, infiniplex_forest_corner_1,
          infiniplex_forest_clump_medium, infiniplex_forest_zigzag_1,
          infiniplex_forest_lined_3, infiniplex_forest_corner_1,
          minmay_lair_oklob_chamber
Lair:3:   minmay_shoals_entry_lonely_mermaid, nicolae_spider_entry_tight_spaces
Lair:4:   serial_forest, infiniplex_forest_lined_room_3,
          infiniplex_forest_straight_1, infiniplex_forest_corner_1,
          infiniplex_forest_end_2, infiniplex_forest_end_3,
          infiniplex_forest_clump_medium, infiniplex_staircase_pool
Volcano:  volcano_tomb

Skill      XL: |  1  2  3  4  5  6  7  8  9 10 11 12 |
---------------+-------------------------------------+-----
Dodging        | 3 4 5 6 7 8 9 10 | 10.1
Fighting       | 4 5 7 8 9 10 11 | 11.4
Maces & Flails | 4 5 7 8 10 12 13 | 13.7
Evocations     | 1 |  1.4
Shields        | 4 |  4.2
Stealth        | |  1.7

Action                   |  1- 3 |  4- 6 |  7- 9 | 10-12 || total
-------------------------+-------+-------+-------+-------++-------
Melee: Mace              |   142 |    80 |       |       ||   222
       Tailslap          |    18 |    15 |    51 |    73 ||   157
       Flail             |       |    64 |   318 |   292 ||   674
       Great mace        |       |       |       |    93 ||    93
Invok: Curse Item        |       |       |     3 |     2 ||     5
       Scrying           |       |       |       |     2 ||     2
 Abil: Breathe Lightning |       |       |     9 |       ||     9
Evoke: Wand              |     7 |    24 |     7 |    45 ||    83
  Use: Scroll            |    12 |       |    13 |    21 ||    46
       Potion            |     1 |     5 |     2 |     4 ||    12
 Stab: Sleeping          |     6 |     5 |     9 |    14 ||    34
       Invisible         |       |     2 |       |       ||     2
       Confused          |       |     1 |       |       ||     1
       Distracted        |       |       |     1 |     2 ||     3
  Eat: Chunk             |     5 |     3 |    14 |     6 ||    28
       Bread ration      |       |       |     1 |     4 ||     5
Armor: Skin              |    35 |    39 |    79 |    51 ||   204
Dodge: Dodged            |   103 |   126 |   234 |   221 ||   684
